 Dungeon Crawl Stone Soup version 0.15.2 (webtiles) character file.

737 magipi the Cleaver (level 7, 38/50 HPs)
             Began as a Hill Orc Gladiator on May 30, 2016.
             Was an Initiate of Nemelex Xobeh.
             Quit the game on Level 5 of the Dungeon.
             The game lasted 00:23:27 (4626 turns).

magipi the Cleaver (Hill Orc Gladiator)             Turns: 4626, Time: 00:23:27

HP  38/50        AC 13     Str 18      XL: 7   Next: 75%
MP   7/7         EV  6     Int  8      God: Nemelex Xobeh [......]
Gold 107         SH  0     Dex 13      Spells:  0 memorised,  6 levels left

rFire  . . .     SeeInvis .     b - -2 blowgun (curse)
rCold  + . .     Clarity  .     y - +0 chain mail
rNeg   . . .     rCorr    .     (no shield)
rPois  .         rRot     .     j - +1 helmet
rElec  .         Spirit   .     o - +0 cloak
SustAb .         Warding  .     u - +0 pair of gloves
rMut   .         Stasis   .     C - +0 pair of boots
Gourm  .                        (no amulet)
MR     .....                    (no ring)
                                c - ring of protection from cold

@: not resistant to hostile enchantments, extremely unstealthy
A: deterioration 1, frail 1, spit poison 1
a: Spit Poison, Renounce Religion


You were on level 5 of the Dungeon.
You worshipped Nemelex Xobeh.
Nemelex Xobeh was noncommittal.
You were not hungry.

You visited 1 branch of the dungeon, and saw 6 of its levels.

You collected 268 gold pieces.
You spent 161 gold pieces at shops.

Inventory:

Hand weapons
 a - a +0 war axe
 b - a cursed -2 blowgun (weapon)
Missiles
 d - a throwing net
 s - 17 poisoned needles (quivered)
Armour
 j - a +1 helmet (worn)
 o - a +0 cloak (worn)
 u - a +0 pair of gloves (worn)
 y - a +0 chain mail (worn)
 C - a +0 pair of boots (worn)
Magical devices
 n - a wand of confusion (9)
 B - a wand of frost (12)
Comestibles
 f - 3 meat rations
 x - 2 bread rations
 D - a fruit
Scrolls
 e - a scroll of teleportation
 h - a scroll of immolation
 l - 3 scrolls of identify
Jewellery
 c - a ring of protection from cold (left hand)
 v - an uncursed amulet of stasis
Potions
 g - a potion of curing
Books
 q - a book of the Sky

   Spells                             Type                      Level
   Flight                             Charms/Air                   3
   Airstrike                          Air                          4
   Silence                            Hexes/Air                    5
   Deflect Missiles                   Charms/Air                   6
   Conjure Ball Lightning             Conjuration/Air              6
   Tornado                            Air                          9


   Skills:
 - Level 2.4 Fighting
 + Level 8.7 Axes
 + Level 6.1 Throwing
 - Level 2.4 Dodging


You had 6 spell levels left.
You didn't know any spells.

Dungeon Overview and Level Annotations

Branches:
Dungeon (6/15)             Temple (0/1) D:6

Altars:
Elyvilon
Kikubaaqudgha
Nemelex Xobeh
The Shining One

Shops:
D:4 *

Annotations:
D:4 magipi's ghost, average HOGl


Innate Abilities, Weirdness & Mutations

Your body is slowly deteriorating.
You are frail (-10% HP).
You can spit poison.

Vault maps used:
D:1:      dpeg_arrival_boxorama, st_stairs_6
D:2:      lemuel_round_altar, first_bread, kennysheep_another_room,
          tso_metal_star
D:4:      elyvilon_altar_4, serial_shops, shop
D:5:      hangedman_cross_stitches, tgw_xom, grunt_tough_drop,
          uniq_blork_the_orc
D:6:      grunt_qazlal_sundering, lemuel_round_altar,
          nicolae_dithmenos_through_a_glass_darkly, lemuel_doored_altar,
          lightli_temple_of_fire, minmay_temple_entry_trees


Message History

The kobold shouts!
The kobold unwields an uncursed short sword.
The kobold wields a blowgun.
The kobold shoots a poisoned needle.
The poisoned needle hits you!
You are poisoned.
Found 12 gold pieces.
You see here a poisoned needle.
You feel sick.
You feel sick.
You see here a hound corpse.
You feel sick.
You see here a rotting iguana corpse.
You feel sick.
You hear a distant slurping noise.
You hear a squelching noise.
You feel sick.
You hear a distant slurping noise.
You feel sick.
You feel sick.
Things that are here:
a dagger; a rotting goblin corpse; a rotting hound corpse You feel sick.
You feel sick.
Eat which item? (? for menu, Esc to quit)
Mmmm...
Yummy mangosteen.
You feel sick.
You hear a distant slurping noise.
You hear a squelching noise.
The kobold shoots a poisoned needle.
The poisoned needle hits you!
You are more poisoned.
You see here a poisoned needle.
You feel sick.
You start resting.
You feel sick. x3
The kobold barely misses you.
You see here a poisoned needle.
Your chain mail prevents you from hitting the kobold.
The kobold hits you with a blowgun.
You slash the kobold!
You kill the kobold!
You feel sick.
Things that are here:
a blowgun; an uncursed short sword; 5 poisoned needles You feel sick.
You see here a poisoned needle.
s - 12 poisoned needles (gained 1)
Things that are here:
a blowgun; an uncursed short sword; 5 poisoned needles
h - a blowgun;
s - 17 poisoned needles (gained 5)
You feel sick.
Adjust (i)tems, (s)pells, or (a)bilities?
Adjust which item? (? for menu, Esc to quit)
h - a blowgun Adjust to which letter? (? for menu, Esc to quit)
b - a blowgun;
h - a scroll of immolation It sticks to your hand!
b - a cursed -2 blowgun (weapon)
Read which item? (? for menu, Esc to quit)
Identify which item? (\ to view known items) (? for menu, Esc to quit)
As you read the scroll of identify, it crumbles to dust.
n - a wand of confusion (9) Read which item? (? for menu, Esc to quit)
As you read the scroll labeled THI SKAXKASA, it crumbles to dust.
The scroll reassembles itself in your hands!
It is a scroll of random uselessness.
Drop what? (_ for help) (? for menu, Esc to quit)
You drop 3 scrolls of random uselessness.
You feel sick.
Read which item? (? for menu, Esc to quit)
As you read the scroll labeled JUNON GUNWEE, it crumbles to dust.
You feel strangely unstable.
It was a scroll of teleportation.
Read which item? (? for menu, Esc to quit)
As you read the scroll labeled CEX STOUCS, it crumbles to dust.
The scroll dissolves into smoke.
It was a scroll of fog.
You feel sick.
Read which item? (? for menu, Esc to quit)
As you read the scroll labeled IDYOTT UGOS, it crumbles to dust.
It is a scroll of enchant armour.
Enchant which item? (? for menu, Esc to quit)
Your +0 helmet glows green for a moment.
Your surroundings suddenly seem different.
Read which item? (? for menu, Esc to quit)
As you read the scroll labeled QUAVIS THIT, it crumbles to dust.
You hear a loud clanging noise!
It was a scroll of noise.
You hear a shout! x2
You feel sick.
You are no longer poisoned.
You can't unwield your weapon to draw a new one!
Unknown command.
You hear a distant slurping noise.
A jelly comes into view.
A jelly comes into view.
The jelly quivers.
An ogre comes into view. It is wielding a giant club.
The jelly hits you but does no damage. The jelly hits you but does no damage.
Read which item? (? for menu, Esc to quit)
Okay, then.
You see here a whip.
You hear a slurping noise.
The jelly splits in two!
The jelly closely misses you.
Are you sure you want to abandon this character and quit the game? (Confirm with "yes".)

######.#.######.....%..########.#
#..........).........'.........
#.##.#.######........###......#
#.##.#.# ###........# ###..###
#.##.#.# #.........## #..# #
#.##.#.# #.#######.## #..# #
#.##.#.####.#......... .... .
#.##.#..............## ##..###
#.##.#####....@###########..# #
#.##.......###.JJ........#..# #
#>..g......#?#.....#####[# #
#.####..####+####J.## #.# # #.#
#..#.§#^#§.#O..# #.# # #.#
#..####.####...# #g# # #.#
#..#.^#.#^(#...# #.# ###'##
#..####.####)..## #.#
##...###..#.^#.#^.#.#..# #.#


You could see an ogre and 3 jellies.

Table legend:
 A = Kills in this place as a percentage of kills in entire the game.
 B = Kills by you in this place as a percentage of kills by you in the entire game.
 C = Kills by friends in this place as a percentage of kills by friends in the entire game.
 D = Other kills in this place as a percentage of other kills in the entire game.
 E = Experience gained in this place as a percentage of experience gained in the entire game.
 F = Experience gained in this place divided by the number of levels of this place that you have seen.
                   A       B       C       D       E      F
               +-------+-------+-------+-------+-------+----------------------
         Total | 100.0 | 100.0 |  -nan |  -nan | 100.0 | 175.7
       Dungeon | 100.0 | 100.0 |  -nan |  -nan | 100.0 | 175.7
               +-------+-------+-------+-------+-------+----------------------

Vanquished Creatures
  Blork the orc (D:5)
  A jelly (D:5)
  A crimson imp (D:5)
  3 orc priests
  5 hounds (D:5)
  2 orc wizards (D:5)
  3 iguanas
  A worker ant (D:5)
  A gnoll (D:1)
  6 adders
  A shadow imp (D:5)
  A worm (D:2)
  An iguana skeleton (D:4)
  2 giant geckos
  16 orcs
  A ball python (D:1)
  11 goblins
  14 hobgoblins
  6 kobolds
  14 bats
  3 giant cockroaches
  3 giant newts
  A jackal skeleton (D:4)
  A quokka (D:2)
  A quokka skeleton (D:3)
  14 rats
114 creatures vanquished.

Vanquished Creatures (others)
  An orc skeleton (D:5)
1 creature vanquished.

Grand Total: 115 creatures vanquished

Notes
Turn   | Place    | Note
--------------------------------------------------------------
     0 | D:1      | magipi, the Hill Orc Gladiator, began the quest for the Orb.
     0 | D:1      | Reached XP level 1. HP: 18/18 MP: 1/1
    44 | D:1      | Reached XP level 2. HP: 6/25 MP: 2/2
   781 | D:1      | Reached XP level 3. HP: 25/30 MP: 3/3
  1029 | D:2      | Reached skill level 5 in Axes
  1325 | D:2      | Found a glowing golden altar of the Shining One.
  1335 | D:2      | Found an ancient bone altar of Kikubaaqudgha.
  1460 | D:3      | Reached XP level 4. HP: 28/37 MP: 4/4
  2115 | D:3      | Reached skill level 6 in Axes
  2115 | D:3      | Reached XP level 5. HP: 35/42 MP: 5/5
  2638 | D:4      | Noticed magipi's ghost (average HOGl)
  2771 | D:4      | Found a white marble altar of Elyvilon.
  2797 | D:4      | Found Saxuseabb's Assorted Antiques.
  2809 | D:4      | Bought a bronze wand for 76 gold pieces
  2809 | D:4      | Bought a pair of boots for 85 gold pieces
  2966 | D:5      | Entered Level 5 of the Dungeon
  2997 | D:5      | Reached XP level 6. HP: 26/50 MP: 6/6
  3344 | D:5      | Reached skill level 7 in Axes
  3538 | D:5      | Noticed Blork the orc
  3558 | D:5      | Killed Blork the orc
  3558 | D:5      | Reached skill level 5 in Throwing
  3717 | D:6      | Found a sparkling altar of Nemelex Xobeh.
  3728 | D:6      | Found a staircase to the Ecumenical Temple.
  3752 | D:6      | Became a worshipper of Nemelex Xobeh the Trickster
  3759 | D:6      | Received a gift from Nemelex Xobeh
  3803 | D:5      | Gained mutation: You can spit poison. [potion of mutation]
  3803 | D:5      | Gained mutation: You are frail (-10% HP). [potion of mutation]
  3803 | D:5      | Gained mutation: Your body is slowly deteriorating. [potion of mutation]
  3815 | D:5      | Reached XP level 7. HP: 13/50 MP: 7/7
  3969 | D:5      | Reached skill level 8 in Axes
  4600 | D:5      | Noticed an ogre
  4626 | D:5      | Quit the game

Action                   |  1- 3 |  4- 6 |  7- 9 || total
-------------------------+-------+-------+-------++-------
Melee: War axe           |    94 |   245 |    91 ||   430
Throw: Throwing net      |     4 |     5 |     1 ||    10
 Abil: Spit Poison       |       |       |     1 ||     1
Evoke: Wand              |     1 |     1 |     4 ||     6
  Use: Potion            |       |     5 |     4 ||     9
       Scroll            |       |     1 |     6 ||     7
 Stab: Held in net/web   |     1 |     3 |     1 ||     5
  Eat: Chunk             |     2 |     5 |     3 ||    10
       Fruit             |       |     2 |     1 ||     3

Action                   |  1- 3 |  4- 6 |  7- 9 || total
-------------------------+-------+-------+-------++-------
Melee: War axe           |    94 |   245 |    91 ||   430
Throw: Throwing net      |     4 |     5 |     1 ||    10
 Abil: Spit Poison       |       |       |     1 ||     1
Evoke: Wand              |     1 |     1 |     4 ||     6
  Use: Potion            |       |     5 |     4 ||     9
       Scroll            |       |     1 |     6 ||     7
 Stab: Held in net/web   |     1 |     3 |     1 ||     5
  Eat: Chunk             |     2 |     5 |     3 ||    10
       Fruit             |       |     2 |     1 ||     3

Action                   |  1- 3 |  4- 6 |  7- 9 || total
-------------------------+-------+-------+-------++-------
Melee: War axe           |    94 |   245 |    91 ||   430
Throw: Throwing net      |     4 |     5 |     1 ||    10
 Abil: Spit Poison       |       |       |     1 ||     1
Evoke: Wand              |     1 |     1 |     4 ||     6
  Use: Potion            |       |     5 |     4 ||     9
       Scroll            |       |     1 |     6 ||     7
 Stab: Held in net/web   |     1 |     3 |     1 ||     5
  Eat: Chunk             |     2 |     5 |     3 ||    10
       Fruit             |       |     2 |     1 ||     3
